Cogmind - Beta 14 @@@ ROGUE MODE // 2024.12.03 @ 12:11:35 Player: Tearex Result: Destroyed by Y-45 Defender with Beam Rifle Performance ------------- Evolutions (1) 500 Regions Visited (2) 400 Robots Destroyed (27) 135 Value Destroyed (869) 869 Prototype IDs (0) 0 Alien Tech Used (0) 0 Bonus (0) 0 TOTAL SCORE: 1904 Bonus ------- None Cogmind --------- Core Integrity 0/400 Matter 300/300 Energy 265/265 System Corruption 0% Temperature Cool (9) Movement Core (300) Ox5 Location -9/Materials Parts ------- > --- POWER (2) -------- Improved Ion Engine > --- PROPULSION (2) --- (None) > --- UTILITY (3) ------ Heat Sink Medium Storage Unit Targeting Computer > --- WEAPON (2) ------- (None) > --- INVENTORY (10) --- Ion Engine Heat Sink Sensor Array Improved Signal Interpreter Terrain Scanner Improved Terrain Scan Processor Targeting Computer ECM Suite System Shield Peak State ------------ > --- POWER ------------ Improved Ion Engine Light Nuclear Core > --- PROPULSION ------- Aluminum Leg Aluminum Leg > --- UTILITY ---------- Heat Sink Medium Storage Unit Targeting Computer > --- WEAPON ----------- Small Laser Heavy Assault Rifle > --- INVENTORY -------- Ion Engine Ion Engine Heat Sink Sensor Array Terrain Scanner Improved Terrain Scan Processor Targeting Computer ECM Suite [Rating: 14] Favorites ----------- Power Ion Engine Engine Ion Engine Power Core Light Nuclear Core Propulsion Aluminum Leg Leg Aluminum Leg Utility Medium Storage Unit Device Terrain Scanner Storage Medium Storage Unit Processor Targeting Computer Protection Weapon Shielding Weapon Light Assault Rifle Energy Gun Medium Laser Energy Cannon Particle Cannon Ballistic Gun Light Assault Rifle Launcher Grenade Launcher Build | -11 -10 -9 ------- Run | Yrd Mat Mat Slots Evolved 2 | . . 2 Power 1 | . . 1 Propulsion . | . . . Utility 1 | . . 1 Weapon . | . . . Parts Attached 39 | 6 13 20 Power 9 | 2 1 6 Engine 8 | 2 1 5 Core 1 | . . 1 Reactor . | . . . Propulsion 10 | 2 5 3 Treads . | . . . Leg 10 | 2 5 3 Wheel . | . . . Hover . | . . . Flight . | . . . Utility 9 | . 3 6 Device 3 | . 1 2 Storage 3 | . 1 2 Processor 1 | . . 1 Hackware . | . . . Protection 2 | . 1 1 Artifact . | . . . Weapon 11 | 2 4 5 Energy Gun 4 | 1 2 1 Energy Cannon 1 | . . 1 Ballistic Gun 3 | 1 . 2 Ballistic Cannon . | . . . Launcher 3 | . 2 1 Special Weapon . | . . . Impact Weapon . | . . . Slashing Weapon . | . . . Piercing Weapon . | . . . Special Melee Weapon . | . . . Unidentified Prototypes . | . . . Parts Lost 20 | . 1 19 Power 5 | . . 5 Propulsion 6 | . 1 5 Utility 3 | . . 3 Weapon 6 | . . 6 Highest Loss Streak 9 | . 1 9 To Critical Strikes . | . . . Average Slot Usage (%) 89 | . 92 86 Engine 12 | . 14 11 Core 3 | . . 6 Leg 22 | . 27 17 Device 5 | . . 10 Storage 10 | . 9 11 Processor 2 | . . 5 Protection 8 | . 11 6 Energy Gun 11 | . 13 8 Energy Cannon 1 | . . 2 Ballistic Gun 9 | . 14 5 Peak Build Rating 14 | 5 7 14 Average Rating 8 | 3 6 10 On Entrance 4 | . 5 7 Naked Turns . | . . . Heaviest Build 28 | 8 20 28 Greatest Support 20 | 20 20 20 Greatest Overweight (x) 7 | . 1 7 Average Overweight (x) . | . . 1 Largest Inventory Capacity 10 | 5 10 10 Average Capacity 8 | 5 8 9 Most Carried 10 | 5 9 10 Average Carried 6 | 2 6 6 Final Capacity 10 | 5 10 10 Final Carried 9 | 5 9 9 Class Distribution -------------------- 59% | Mutant 40% | Scavenger-Mutant Dominant Class ---------------- Mutant | -10/Materials Scavenger-Mutant | -9/Materials Resources | -11 -10 -9 ----------- Run | Yrd Mat Mat Matter Collected 705 | 264 212 229 Remotely . | . . . Salvage Created 906 | 46 453 407 Parts 49 | 2 27 20 Haulers Intercepted . | . . . Recyclers Shooed . | . . . Parts Field Recycled . | . . . Retrieved Matter . | . . . Parts Self-Destructed . | . . . Prevented . | . . . Kills | -11 -10 -9 ------- Run | Yrd Mat Mat Combat Hostiles Destroyed 25 | 1 16 8 Guns 15 | 1 10 4 Cannons 4 | . . 4 AOE 6 | . 6 . Classes Destroyed 5 | 1 2 2 Builder 1 | . 1 . Recycler 1 | . . 1 Swarmer 3 | . 3 . Grunt 21 | 1 13 7 Sentry 1 | . . 1 Best Kill Streak 5 | 1 5 3 Combat Bots Only 5 | 1 5 3 Max Kills in Single Turn 2 | 1 2 1 Gunslinging . | . . . Exploded 1 | . 1 . Melee . | . . . Uniques/NPCs Destroyed . | . . . Combat | -11 -10 -9 -------- Run | Yrd Mat Mat Hostile Shots Fired 241 | 5 77 159 Missed 63 | 1 23 39 Damage Taken 2284 | 42 631 1611 Core 594 | 11 178 405 Absorbed by Shields . | . . . Redirected to Shielding 104 | . 42 62 Core Remaining (%) 59 | 95 24 . Volleys Fired 101 | 4 41 56 Largest 2 | 2 2 2 Hottest 108 | 70 70 108 Shots Fired 165 | 8 81 76 Gun 137 | 8 72 57 Cannon 17 | . . 17 Launcher 11 | . 9 2 Special . | . . . Kinetic 63 | 4 41 18 Thermal 91 | 4 31 56 Explosive 11 | . 9 2 Electromagnetic . | . . . Robot Hit Streak 9 | 4 9 9 Robot Miss Streak 3 | 2 3 3 Penetration Max . | . . . Secondary Targets 4 | . 3 1 Max Gunslinging Chain 1 | . 1 1 Shots Hit Robots 99 | 5 49 45 Core Hits 47 | 2 29 16 Critical Kills . | . . . Critical Parts Destroyed . | . . . Critical Strikes 3 | . 3 . Burn 3 | . 3 . Melee Attacks . | . . . Impact . | . . . Slashing . | . . . Piercing . | . . . Sneak Attacks . | . . . Combat Hostiles . | . . . Follow-up Attacks . | . . . Damage Inflicted 1702 | 52 926 724 Guns 852 | 52 417 383 Cannons 226 | . . 226 Explosions 624 | . 509 115 Melee . | . . . Ramming . | . . . Kinetic 363 | 26 216 121 Thermal 715 | 26 201 488 Explosive 624 | . 509 115 Electromagnetic . | . . . Impact . | . . . Slashing . | . . . Piercing . | . . . Highest Corruption . | . . . Average Corruption . | . . . Corruption Purged . | . . . Corruption Blocked . | . . . Overload Shots . | . . . Overflow Damage . | . . . Projectiles . | . . . Explosions . | . . . Melee . | . . . Knockbacks . | . . . Impact . | . . . Kinetic . | . . . Secondary . | . . . Self-Inflicted Damage 71 | . 54 17 Shots 5 | . 4 1 Rammed . | . . . Targets Rammed . | . . . Kicked . | . . . Crushed . | . . . Highest Temperature 274 | 84 168 274 Average Temperature 77 | 45 60 94 Received Heat Transfer 1146 | 24 273 849 Siege Activations . | . . . Robots Corrupted . | . . . Combat Hostiles . | . . . Parts Fried . | . . . Impact Corruptions . | . . . Robots Melted . | . . . Combat Hostiles . | . . . Parts Melted 2 | . 2 . Heat Transferred 1930 | 74 814 1042 Parts Sabotaged . | . . . Parts Stolen . | . . . Parts Stripped . | . . . Power Chain Reactions . | . . . Alert | -11 -10 -9 ------- Run | Yrd Mat Mat Peak Influence 346 | 20 346 130 Initial 18 | . 13 18 Average 77 | 3 115 52 Maximum Alert Level 1 | . 1 . Low Security (%) 93 | 100 85 100 Level 1 6 | . 14 . Level 2 . | . . . Level 3 . | . . . Level 4 . | . . . Level 5 . | . . . High Security . | . . . Max Security . | . . . Squads Dispatched 5 | . 4 1 Investigation 2 | . 2 . Extermination . | . . . Reinforcement 3 | . 2 1 Assault . | . . . Garrison . | . . . Intercept . | . . . Searches Triggered . | . . . Construction Impeded . | . . . Haulers Reinforced . | . . . Active Scanning Responses . | . . . Cargo Convoy Interrupts . | . . . Stealth | -11 -10 -9 --------- Run | Yrd Mat Mat Distress Signals 1 | . . 1 Communications Jammed . | . . . Distress Signals . | . . . Times Spotted 37 | 1 20 16 Peak Tracking Total 6 | 1 5 6 Tactical Retreats . | . . . Traps | -11 -10 -9 ------- Run | Yrd Mat Mat Traps Triggered 2 | . 2 . Indirectly . | . . . Trap Hack Attempts . | . . . Triggered . | . . . Disarmed . | . . . Reprogrammed . | . . . Reused . | . . . Traps Extracted . | . . . Installed . | . . . Triggered . | . . . Machines | -11 -10 -9 ---------- Run | Yrd Mat Mat Machines Disabled 3 | . 2 1 Max in Single Turn 1 | . 1 1 Machines Repaired . | . . . Machines Dismantled . | . . . Machines Sabotaged . | . . . Overloaded Fab Kills . | . . . Hacking | -11 -10 -9 --------- Run | Yrd Mat Mat Machines Accessed 3 | . 2 1 Terminals 2 | . 1 1 Fabricators . | . . . Repair Stations . | . . . Recycling Units 1 | . 1 . Scanalyzers . | . . . Garrison Access . | . . . Total Hacks 8 | . 5 3 Successful 5 | . 3 2 Failed 3 | . 2 1 Catastrophic . | . . . Database Lockouts . | . . . Manual . | . . . Terminals 7 | . 4 3 Fabricators . | . . . Repair Stations . | . . . Recycling Units 1 | . 1 . Scanalyzers . | . . . Garrison Access . | . . . Terminal Hacks 4 | . 2 2 Record 2 | . . 2 Unreport Threat 2 | . 2 . Fabricator Hacks . | . . . Repair Station Hacks . | . . . Recycling Unit Hacks 1 | . 1 . Report Inventory 1 | . 1 . Scanalyzer . | . . . Garrison Access Hacks . | . . . Unauthorized Hacks . | . . . Terminals . | . . . Fabricators . | . . . Repair Stations . | . . . Recycling Units . | . . . Scanalyzers . | . . . Garrison Access . | . . . Data Cores Recovered . | . . . Used . | . . . Hacking Detections 3 | . 2 1 Full Trace Events . | . . . Feedback Events . | . . . Feedback Blocked . | . . . Robot Schematics Acquired . | . . . Robots Built . | . . . Authchips . | . . . Time . | . . . Total Robot Build Rating . | . . . Part Schematics Acquired . | . . . Parts Built . | . . . Authchips . | . . . Time . | . . . Total Part Build Rating . | . . . Parts Repaired . | . . . Time . | . . . Parts Recycled . | . . . Recycled Matter . | . . . Retrieved Matter . | . . . Retrieved Components . | . . . Parts Scanalyzed . | . . . Part Schematics Acquired . | . . . Parts Damaged . | . . . Bothacking | -11 -10 -9 ------------ Run | Yrd Mat Mat Used RIF Installer . | . . . Robots Hacked . | . . . Non-combat . | . . . Combat . | . . . Robot Hacks Applied . | . . . Relay Couplers Released . | . . . Fabnet Peak Effective % . | . . . Robots Rewired . | . . . Allies Hacked . | . . . Hacks Repelled . | . . . Allies | -11 -10 -9 -------- Run | Yrd Mat Mat Total Allies . | . . . Largest Group . | . . . Highest-Rated Group . | . . . Highest-Rated Ally . | . . . Total Orders . | . . . Ally Attacks . | . . . Total Damage . | . . . Kills . | . . . Allies Corrupted . | . . . Allies Melted . | . . . Intel | -11 -10 -9 ------- Run | Yrd Mat Mat Robot Analysis Total . | . . . Derelict Logs Recovered . | . . . Drone Launches . | . . . Drone Recoveries . | . . . Exploration | -11 -10 -9 ------------- Run | Yrd Mat Mat Turns Passed 1462 | 96 660 706 Spaces Moved 771 | 72 410 289 Core 76 | 25 . 51 Treads . | . . . Legs 695 | 47 410 238 Wheels . | . . . Hover . | . . . Flight . | . . . Fastest Speed 50 | 50 120 100 Average Speed 142 | 95 120 186 Slowest Speed 400 | 120 190 400 Overloaded Moves . | . . . Propulsion Burnouts . | . . . Robots Hopped . | . . . Cave-ins Triggered . | . . . Exploration Rate (%) 21 | 7 39 17 Regions Visited 2 Branch Regions . Pre-discovered Areas . | . . . Known Exits Taken . | . . . Unknown Exits Taken 2 | 1 1 . Scrap Searched . | . . . Spaces Dug . | . . . Terrain Destroyed 53 | . 39 14 Melee . | . . . Projectile . | . . . AOE 53 | . 39 14 Terrain Rammed . | . . . Walls Destroyed . | . . . Machines Disabled . | . . . Actions | -11 -10 -9 --------- Run | Yrd Mat Mat Total 975 | 91 503 381 Wait 16 | . 16 . Move 769 | 71 409 289 Hop . | . . . Pick Up 41 | 10 15 16 Fast Attach . | . . . Attach 25 | 5 4 16 Detach 1 | . 1 . Swap 14 | 1 9 4 Drop 8 | . 8 . Fire 101 | 4 41 56 Melee . | . . . Ram . | . . . Kick . | . . . Crush . | . . . Escape Stasis . | . . . Rewire . | . . . Trap . | . . . Miscellaneous . | . . . Route ------- -11/Scrapyard -10/Materials -9/Materials (discovered 1 exit: [*Sto]) History --------- Turn | Location | Event 2 | -11/Scrapyard | Met Revision 17 67 | -11/Scrapyard | Discovered new exit (range 8) 97 | -11/Scrapyard | Entered Materials 327 | -10/Materials | Build established: Mutant 640 | -10/Materials | Core integrity fell below 50% 656 | -10/Materials | Discovered new exit (range 11) 757 | -10/Materials | Entered another Materials area 757 | -9/Materials | Evolved 2 slots: Power x1, Utility x1 897 | -9/Materials | Lost 9 parts (2p3n1u3w) 934 | -9/Materials | Core integrity fell below 50% 1188 | -9/Materials | Core integrity fell below 20% 1219 | -9/Materials | Build established: Scavenger-Mutant 1421 | -9/Materials | Discovered new exit (range 5) 1463 | -9/Materials | Destroyed by Y-45 Defender with Beam Rifle Last Messages --------------- K-01 Serf cleans the Atomic Centrifuge. EXIT=FOUND Critical hit (Burn: +37). K-01 Serf cleans the Atomic Centrifuge. Lgt. Nuclear Core destroyed. Atomic Centrifuge disabled. K-01 Serf collects debris. Hvy. Assault Rifle destroyed. K-01 Serf collects debris. W-16 Scout sends out distress signal. Y-45 Defender heat spikes uncontrollably. Aluminum Leg destroyed. Y-45 Defender heat damages Imp. Ion Engine, Lgt. Armor Plating. Y-45 Defender heat short circuits Imp. Ion Engine. Ion Engine destroyed. Sml. Laser destroyed. Critical hit (Burn: +37). [Achievement: First Step to Greatness] Map ----- +----------------------------------------------------+ | ?????????????????????????????????????????# """ | | ?????????????????????????????????????????# """ | | ????????????????????????????????????????## """ | | ???????????????????????????????########??# | | ???????????????????????????????# !! !#?## """ | | ???????????????????????????????#!!!!!!#?## """ | | ???????????????????????????????# #??# """ | | ???????????????????????????????## #??# | | ????????????????????????????????# ##########+# | | ????????????????????????????????# % | | ????????????????????????????????# T % | | ????????????????????????????????# % | | ????????????????????????????????# ###/######+# | | ????????????????????????????????# ###### # | | ????????????????????????????????# ##???# # """ | | ????????????????????????????????# #????# # """ | | ????????????????????????????????# #????# # """ | | ????????????????????????????????# #????# # | | ????????????????????????????????# #????# #] | | ????????????????????????????????# #????# #] | | ????????????????????????????????# #????#####] | | ????????????????????????????????# #????????####### | | ????????????????????????????????# #??????????????? | | ????????????##### ############### #??????#???????? | | ?????????? ^ u #??????????????? | | ?????????? k @ #??????????????? | | ?????????? #??????????????? | | ?????????? "" Y########??????????????? | | ??????????? """ lg ????????????????????? | | ??????????? !!! """ Y ??????????????????? | | ???????????? ?!!! g < #??????????????#?? | | ????????????????? #??????????????#?? | | ?????????????????######+### #????????????????? | | ?????????????????????? ???# ##????????????????? | | ?????????????????????" ???? #?????????????????? | | ????????????????????Y" ????? #?????????????????? | | ???????????????????? ????? #?????????????????? | | ???????????????????? ????? #?????????????????? | | ????????????????????""?????? #?????????????????? | | ????????????????????"???????? #?????????????????? | | ????????????????????????????? #?????????????????? | | ?????????????????????????????? ??????????????????? | | ?????????????????????????????????????????????????? | | ?????????????????????????????????????????????????? | | ?????????????????????????????????????????????????? | | ?????????????????????????????????????????????????? | | ?????????????????????????????????????????????????? | | ?????????????????????????????????????????????????? | | ?????????????????????????????????????????????????? | | ?????????????????????????????????????????????????? | +----------------------------------------------------+ Best States ------------- Heat Dissipation 38 Energy Generation 21 Energy Capacity 415 Matter Stores 300 Matter Capacity 400 Sight Range 16 Terrain Scan Range 14 Terrain Scan Density 10 Power Shielding 33 Weapon Shielding 33 Evasion (%) 55 Targeting Accuracy 5 Item Schematics ----------------- None Robot Schematics ------------------ None Fabricated ------------ Nothing Alien Tech Used ----------------- None Achievements -------------- Everything Is Under Control First Step to Greatness Uninvited Guest Challenges ------------ None Game ------ Seed ElectronPersonalTelecube Manual? 0 Play Time 00:31:04 Cumulative 0.5 hours Start 2024.12.03 @ 11:36:33 End 2024.12.03 @ 12:11:35 Sessions 1 Manual Loads 0 Difficulty Rogue Special Mode None Game No. 1 Rogue 1 Adventurer 0 Explorer 0 Win Type - Total 0 Types 0/0/0/0/0/0/0/0/0 Lore% 0 Gallery% 1 Achievement% 1 Wizard Run 0 Options --------- Layout 1 ASCII 0 Keyboard 0 Movement Mouse Keybinds 0 Fullscreen 1 Font 24/Smallcaps Map View 50x35 Zoom Use 0% Tactical HUD 0 Map Filters NONE Filters NONE Steam 1 RUN: 263b0bae-4b89-4af1-9852-8080f6516416